AoeStats
← [RAT] G0rm

Hill Fort

504612562Analyzed
4v4 RM · 27d ago on Sep 5, 2026· 26m 20s· 8 players
Game mode
Random Map
Map size
Large (8 player)
Population
200
Speed
Normal
Resources
Standard
Victory
Conquest
Starting age
Dark Age
Ending age
Imperial Age
RankedLock teamsTeams togetherTeam positionsShared explorationLock speedFull tech treeHidden civsTurbo modeCheats
Victory
Defeat
🇳🇱 Spanish · Netherlands
1855
+6
🇺🇸 Wei · United States
1658
+12
🇳🇱 Turks · Netherlands
1609
+14
🇷🇴 Bulgarians · Romania
1545
+16
🇺🇸 Khmer · United States
1607
-13
🇧🇷 Teutons · Brazil
1600
-13
🇦🇷 Persians · Argentina
1553
-11
🇧🇪 Ethiopians · Belgium
1538
-11
Random
10:21 Feudal Age
11:18 Loom
14:16 Castle Age
12:48 Double-Bit Axe
14:53 Fletching
16:07 Town Watch
17:32 Bow Saw
19:30 Horse Collar
21:34 Padded Archer Armor
21:00 Crossbowman
25:54 Wheelbarrow
25:55 Bodkin Arrow
Whop
10:53 Feudal Age
15:34 Castle Age
13:52 Fletching
13:49 Double-Bit Axe
16:20 Crossbowman
21:51 Bodkin Arrow
23:17 Town Watch
24:07 Wheelbarrow
25:50 Padded Archer Armor
26:53 Wheelbarrow
Tylenol
10:35 Feudal Age
15:15 Castle Age
13:36 Double-Bit Axe
14:11 Horse Collar
18:54 Loom
25:38 Scale Barding Armor
26:05 Fletching
AxD | MatrixWars
10:04 Feudal Age
14:55 Castle Age
14:25 Double-Bit Axe
14:21 Horse Collar
15:42 Bow Saw
26:00 Scale Barding Armor
[RAT] Spencer
9:02 Feudal Age
9:34 Double-Bit Axe
9:43 Horse Collar
10:16 Gold Mining
13:30 Stone Mining
15:10 Wheelbarrow
14:47 Loom
18:58 Castle Age
18:12 Scale Barding Armor
19:19 Forging
20:26 Bow Saw
20:46 Chain Barding Armor
20:44 Heavy Plow
22:43 Iron Casting
22:37 Bloodlines
22:28 Husbandry
[LW] Faneth
11:00 Feudal Age
14:31 Castle Age
12:59 Double-Bit Axe
16:43 Padded Archer Armor
23:18 Bow Saw
[RAT] Havik_AoE
5:04 Loom
11:40 Feudal Age
15:31 Castle Age
14:24 Double-Bit Axe
15:50 Bloodlines
15:36 Horse Collar
19:06 Husbandry
22:14 Scale Barding Armor
25:41 Bow Saw
[RAT] G0rm
11:33 Feudal Age
16:27 Castle Age
20:48 Scale Mail Armor
20:59 Forging
21:23 Padded Archer Armor
21:38 Chain Mail Armor
21:16 Gambesons
23:06 Iron Casting
22:57 Chain Mail Armor
25:39 Arson
Connection lost

Rejoining the realm…

Still unreachable

The connection could not be restored.

Session expired

The server has moved on; the page needs a fresh start.